 Dungeon Crawl Stone Soup version 0.27-a0-25-g087482e4d5 (webtiles) character file.

Game seed: 12861662803737534155

198 DocSulfur the Vexing (level 6, 32/32 HPs)
             Began as a Kobold Enchanter on Jan 2, 2021.
             Quit the game in the Ecumenical Temple.
             The game lasted 00:09:49 (5042 turns).

DocSulfur the Vexing (Kobold Enchanter)             Turns: 5042, Time: 00:09:49

Health: 32/32      AC:  2    Str:  6    XL:     6   Next: 6%
Magic:  11/11      EV: 15    Int: 16    God:
Gold:   226        SH:  0    Dex: 17    Spells: 3/12 levels left

rFire    . . .     SeeInvis .   a - +1 dagger
rCold    . . .     Faith    .   (shield restricted)
rNeg     . . .     Spirit   .   b - +0 robe
rPois    .         Reflect  .   (no helmet)
rElec    .         Harm     .   (no cloak)
rCorr    .         Rampage  .   (no gloves)
Will     .....                  (no boots)
Stlth    ++++......             (no amulet)
HPRegen  0.10/turn              (no ring)
MPRegen  0.12/turn              (no ring)

@: no status effects
A: small, nightstalker 3
a: no special abilities


You were in the Ecumenical Temple.
You visited 2 branches of the dungeon, and saw 5 of its levels.

You collected 226 gold pieces.

Inventory:

Hand Weapons
 a - a +1 dagger (weapon)
 n - a +0 rapier
 o - a +2 short sword of flaming
Armour
 b - a +0 robe (worn)
Jewellery
 e - an uncursed ring of wizardry {unknown}
 h - a cursed ring of attention {unknown}
 p - an uncursed ring of protection from fire {unknown}
 q - an uncursed amulet of faith {unknown}
Wands
 l - a wand of flame (17)
Scrolls
 d - 2 scrolls of blinking {unknown}
 f - 2 scrolls of remove curse {unknown}
 g - a scroll of magic mapping {unknown}
 i - 3 scrolls of identify {unknown}
 j - a scroll of teleportation {unknown}
 k - 2 scrolls of random uselessness {unknown}
Potions
 c - 2 potions of attraction {unknown}
 m - 4 potions of curing {unknown}
 r - a potion of haste {unknown}


   Skills:
 - Level 1.3 Short Blades
 - Level 2.4 Dodging
 - Level 4.0 Stealth
 + Level 3.8 Spellcasting
 + Level 4.3 Hexes
 + Level 2.8 Ice Magic


You had 3 spell levels left.
You knew the following spells:

 Your Spells              Type           Power        Failure   Level
a - Corona                Hex            17%          3%          1
b - Ensorcelled Hibernat  Hex/Ice        28%          6%          2
c - Confusing Touch       Hex            16%          9%          3
d - Tukima's Dance        Hex            16%          9%          3

Your spell library contained the following spells:

 Spells                   Type           Power        Failure   Level
 Dazzling Flash           Conj/Hex       20%          22%         3


Dungeon Overview and Level Annotations

Branches:
Dungeon (4/15)             Temple (1/1) D:4

Altars:
Ashenzari
Cheibriados
Elyvilon
Fedhas
Gozag
Hepliaklqana
Kikubaaqudgha
Makhleb
Nemelex Xobeh
Okawaru
Qazlal
Ru
Sif Muna
Trog
Uskayaw
Vehumet
Wu Jian
Xom
Yredelemnul
Zin
The Shining One


Innate Abilities, Weirdness & Mutations

You are small and have problems with some larger weapons.
You are completely attuned to the shadows.


Message History

Found a broken altar of Ashenzari.
Found a blossoming altar of Fedhas.
Found a snail-covered altar of Cheibriados.
There is a snail-covered altar of Cheibriados here.
Found an ancient bone altar of Kikubaaqudgha.
Found a stormy altar of Qazlal.
Key pressed, stopping explore.
Key pressed, stopping explore.
Key pressed, stopping explore.
There is a white marble altar of Elyvilon here.
There is a sparkling altar of Nemelex Xobeh here.
There is a sacrificial altar of Ru here.
There is a glowing golden altar of the Shining One here.
There is a shimmering altar of Xom here.
There is a basalt altar of Yredelemnul here.
There is a basalt altar of Yredelemnul here.
Partly explored, can't reach some places.
Partly explored, can't reach some places.
Partly explored, can't reach some places.
Are you sure you want to abandon this character and quit the game? (Confirm with "yes".)

≈§≈§≈≈§≈.........≈§§≈≈≈§≈
≈§≈≈≈≈≈.._....._..≈≈≈≈≈≈≈
≈≈≈≈≈≈≈≈.§...........≈≈§§≈§≈§
§≈§≈≈≈≈≈...............≈§§§§≈≈§
§§≈≈≈≈§≈.................§§≈§§≈§
§§≈§≈≈§≈..._..........._...≈§§≈§≈
§§≈§§≈≈§...................§§§§≈§
≈§≈§≈≈..........._...........§§≈§
≈≈§§≈...........@.............≈≈§
≈§≈§§§.§_................._....≈≈
§§≈...§.........................§
≈≈..........._......._...........
§§...............................
§.._.............<............._.
§................................
..........._..........._.........
.................................


There were no monsters in sight!

Vanquished Creatures
  An orc priest (D:3)
  8 adders
  2 worms
  3 dart slugs
  2 leopard geckos
  6 orcs (D:3)
  A ball python (D:3)
  6 bats
  7 giant cockroaches
  5 goblins
  12 hobgoblins
  6 jackals
  5 kobolds
  A quokka (D:2)
  5 frilled lizards
  3 rats
73 creatures vanquished.

Vanquished Creatures (collateral kills)
  2 orcs (D:3)
  A rat (D:3)
3 creatures vanquished.

Vanquished Creatures (others)
  A dancing weapon (D:3)
1 creature vanquished.

Grand Total: 77 creatures vanquished

Notes
Turn   | Place    | Note
-------+----------+-------------------------------------------
     0 | D:1      | DocSulfur the Kobold Enchanter began the quest for the Orb.
     0 | D:1      | Reached XP level 1. HP: 10/10 MP: 3/3
   126 | D:1      | Reached XP level 2. HP: 15/15 MP: 5/5
   633 | D:1      | Reached skill level 1 in Ice Magic
   681 | D:1      | Learned a level 2 spell: Ensorcelled Hibernation
  1000 | D:1      | Reached XP level 3. HP: 19/19 MP: 6/6
  1564 | D:2      | Learned a level 3 spell: Confusing Touch
  1584 | D:2      | Reached XP level 4. HP: 24/24 MP: 8/8
  2141 | D:2      | You fall into a shaft and drop 1 floor!
  2211 | D:3      | Found a stormy altar of Qazlal.
  2295 | D:3      | Learned a level 3 spell: Tukima's Dance
  3082 | D:3      | Reached XP level 5. HP: 28/28 MP: 8/10
  4373 | D:3      | Reached XP level 6. HP: 18/32 MP: 2/11
  4704 | D:4      | Found a staircase to the Ecumenical Temple.
  4711 | Temple   | Entered the Ecumenical Temple
  5042 | Temple   | Quit the game

Illustrated notes

Levels and vault maps discovered:
D:1:      ncdulo_halloftheorcs, layout_loops_ring, st_stairs_5
D:2:      minmay_angry_zag, layout_basic, kennysheep_flooded_box
D:3:      layout_loops_ring, nicolae_qazlal_eye_of_the_storm
D:4:      layout_loops_ring, minmay_temple_entry_trees, minmay_fountain_box,
          kennysheep_slug_shrine
Temple:   compressed_dpeg_triangle_lava_temple

Skill      XL: |  1  2  3  4 |
---------------+-------------+-----
Ice Magic      | 1 2 |  2.8
Spellcasting   | 3 |  3.8
Hexes          | 4 |  4.3
Short Blades   | |  1.3
Dodging        | |  2.4
Stealth        | |  4.0

Action                   |  1- 3 |  4- 6 || total
-------------------------+-------+-------++-------
Melee: Dagger            |    85 |    81 ||   166
       Short sword       |       |    41 ||    41
 Cast: Corona            |    11 |     8 ||    19
       Ensorcelled Hiber |       |    22 ||    22
       Tukima's Dance    |       |     4 ||     4
       Confusing Touch   |       |     2 ||     2
 Stab: Sleeping          |    11 |    32 ||    43
Armor: Robe              |    12 |    11 ||    23
Dodge: Dodged            |    71 |    92 ||   163

Table legend: (Time is in decaauts)
 A = Elapsed time spent in this place.
 B = Non-inter-level travel time spent in this place.
 C = Inter-level travel time spent in this place.
 D = Time resting spent in this place.
 E = Time spent auto-exploring this place.
 F = Levels seen in this place.
 G = Mean time per level.
                   A        B        C        D        E       F      G
               +--------+--------+--------+--------+--------+-----+--------+
         Total |   5035 |   5003 |     32 |    571 |   3586 |   5 | 1007.0 |
       Dungeon |   4704 |   4672 |     32 |    571 |   3265 |   4 | 1176.0 |
        Temple |    330 |    330 |      0 |      0 |    321 |   1 |  330.0 |
               +--------+--------+--------+--------+--------+-----+--------+

Top non-repeatable levels by time:
     D:3: 1623 daAuts
     D:1: 1501 daAuts
     D:2: 1259 daAuts
  Temple: 330 daAuts
     D:4: 319 daAuts
